 Dungeon Crawl Stone Soup version 0.30-a0-170-g85af917532 (webtiles) character file.

Game seed: 4227934008591692967

46 qw the Chopper (level 3, 0/23 HPs)
             Began as a Gargoyle Fighter on Sept 30, 2022.
             Slain by a gnoll
             ... wielding a +0 spear
              (5 damage)
             ... on level 2 of the Dungeon.
             The game lasted 00:00:28 (1279 turns).

qw the Chopper (Gargoyle Fighter)                   Turns: 1279, Time: 00:00:28

Health: 0/23       AC: 10    Str: 21    XL:     3   Next: 66%
Magic:  3/3        EV:  9    Int:  8    God:
Gold:   62         SH:  4    Dex:  9    Spells: 2/2 levels left

rFire   . . .      SeeInvis .    Y - +0 war axe
rCold   . . .      Faith    .    c - +0 buckler
rNeg    + . .      Spirit   .    b - +0 scale mail
rPois   inf        Reflect  .    (no helmet)
rElec   +          Harm     .    (no cloak)
rCorr   .          Rampage  .    (no gloves)
Will    .....                    (no boots)
Stlth   ..........               (no amulet)
HPRegen 0.07/turn                (no ring)
MPRegen 0.08/turn                (no ring)

@: about to teleport
A: sickness immunity, AC +3, negative energy resistance 1, electricity
resistance, torment resistance 1, petrification resistance
a: no special abilities


You were on level 2 of the Dungeon.
You visited 1 branch of the dungeon, and saw 2 of its levels.

You collected 62 gold pieces.


Innate Abilities, Weirdness & Mutations

You are immune to sickness and miasma.
Your stone body is resilient. (AC +3)
You are immune to poison.
You resist negative energy. (rN+)
You are resistant to electric shocks. (rElec)
You are resistant to unholy torment.
You are immune to petrification.


   Skills:
 - Level 3.2 Fighting
 + Level 3.5 Axes
 - Level 3.2 Armour
 - Level 3.2 Shields


You had 2 spell levels left.
You didn't know any spells.
Your spell library was empty.

Inventory:

Hand Weapons
 e - the +9 flail of Ter Dege {speed, rPois rF++ Str+2}
   (You found it on level 2 of the Dungeon)

   Attacks with this weapon are significantly faster.
   Str:       It affects your strength (+2).
   rF:        It greatly protects you from fire.
   rPois:     It protects you from poison.
 Y - a +0 war axe (weapon)
Armour
 b - a +0 scale mail (worn)
 c - a +0 buckler (worn)
Scrolls
 a - 3 scrolls of identify
 f - a scroll of vulnerability {unknown}
 g - a scroll of enchant armour {unknown}
 j - a scroll of silence {unknown}
Potions
 d - a potion of might
 h - a potion of curing

Dungeon Overview and Level Annotations

Branches:
Dungeon (2/15)

Altars:

Annotations:
D:2 1 runed translucent door, Crazy Yiuf


Message History

Found a stone staircase leading up.
Items here: %%%%.
Enter note:
f - a scroll labelled NOZEW UJUYGUT
g - a scroll labelled GOEJI MEUM
There is a stone staircase leading up here.
j - a scroll labelled OTHROA NIGAL
Enter note:
Enter note:
Enter note:
1269 ||| Stepping ~*~*~tactically~*~*~ (hiding).
You start waiting.
There are monsters nearby!
The gnoll shouts!
The gnoll hits you but does no damage. The gnoll hits you with a +0 halberd.
The gnoll hits you but does no damage.
You hit the gnoll.
The gnoll is moderately wounded.
The gnoll hits you from afar with a +0 spear!
You slash the gnoll!
The gnoll is severely wounded.
The gnoll barely misses you. The gnoll closely misses you.
You block the gnoll's attack. x2
You barely miss the gnoll.
The gnoll is severely wounded.
The gnoll hits you from afar with a +0 spear.
You block the gnoll's attack.
You hit the gnoll but do no damage.
The gnoll is severely wounded.
The gnoll hits you with a +0 halberd. The gnoll barely misses you.
The gnoll hits you from afar with a +0 spear.
You block the gnoll's attack.
1278 ||| READING scroll of teleportation.
As you read the scroll of teleportation, it crumbles to dust.
You feel strangely unstable.
The gnoll hits you but does no damage. x2
You slash the gnoll!
You kill the gnoll!
The gnoll hits you from afar with a +0 spear.
You die...

#.# #####
.............##.# #....
..............#.####.###
..............#.##...# #
..............#.##.### #
..............#.##.#
.......g......##...#
.............###.###
#......@)...###..# #
######..######..## ####
######## #...#
##.######... #......#
#.#.# #..#......##
#......#
#.%.####.##.######
#<.)...# ###))........#
#......###......#######
#............##..##...#
#....<.#####.###.##...##


You could see a gnoll.

Vanquished Creatures
  2 gnolls (D:2)
  A dart slug (D:1)
  A ball python (D:1)
  3 endoplasms (D:1)
  A giant cockroach (D:1)
  A hobgoblin (D:1)
  9 jackals (D:2)
  2 quokkas
  2 bats (D:2)
  3 frilled lizards
  A goblin (D:1)
  3 kobolds
  5 rats
34 creatures vanquished.

Notes
Turn   | Place    | Note
-------+----------+-------------------------------------------
     0 | D:1      | qw the Gargoyle Fighter began the quest for the Orb.
     0 | D:1      | Reached XP level 1. HP: 14/14 MP: 1/1
     0 | D:1      | 0 ||| qw: Version: 0.2-a-13-gfc7b4b4
     0 | D:1      | 0 ||| qw: Game counter: 1695
     0 | D:1      | 0 ||| qw: Always use a shield: true
     0 | D:1      | 0 ||| qw: God list: Okawaru
     0 | D:1      | 0 ||| qw: Allow faded altars: false
     0 | D:1      | 0 ||| qw: Do Orc after D:15 true
     0 | D:1      | 0 ||| qw: Do second Lair branch before Depths: true
     0 | D:1      | 0 ||| qw: Lair rune preference: random
     0 | D:1      | 0 ||| qw: Plans: Normal, Zot:1-4, God:TSO, Crypt, Tomb,
                  | Pan, Slime:5, Hells, Abyss, Orb
     0 | D:1      | 0 ||| PLANNING D:1-11
   171 | D:1      | Found a faded altar of an unknown god.
   176 | D:1      | Reached XP level 2. HP: 19/19 MP: 2/2
   232 | D:1      | 232 ||| DROPPING +0 club.
   355 | D:1      | 355 ||| Stepping ~*~*~tactically~*~*~ (hiding).
   817 | D:1      | 817 ||| READING 5 scrolls labelled JESTRO MUM FIE.
   818 | D:1      | 818 ||| READING 2 scrolls labelled DAESOX KEROITO.
   822 | D:1      | 822 ||| READING 4 scrolls of identify.
   822 | D:1      | 822 ||| IDENTIFYING murky green potion
   823 | D:1      | 823 ||| READING 3 scrolls of identify.
   823 | D:1      | 823 ||| IDENTIFYING yellow potion
   824 | D:1      | 824 ||| DROPPING potion of flight.
   837 | D:2      | Identified the +9 flail of Ter Dege {speed, rPois rF++
                  | Str+2}
   839 | D:2      | 839 ||| DROPPING +0 whip.
   855 | D:2      | Found a runed translucent door.
   856 | D:2      | Noticed Crazy Yiuf
   901 | D:2      | 901 ||| Stepping ~*~*~tactically~*~*~ (stealth).
   907 | D:2      | Reached skill level 3 in Axes
   907 | D:2      | 907 ||| Stepping ~*~*~tactically~*~*~ (stealth).
   909 | D:2      | Reached XP level 3. HP: 23/23 MP: 3/3
   928 | D:2      | 928 ||| FLEEEEING.
   935 | D:2      | 935 ||| STAIRDANCE
  1053 | D:2      | 1053 ||| Stepping ~*~*~tactically~*~*~ (stealth).
  1269 | D:2      | 1269 ||| Stepping ~*~*~tactically~*~*~ (hiding).
  1277 | D:2      | HP: 4/23 [gnoll/+0 spear (4)]
  1278 | D:2      | 1278 ||| READING scroll of teleportation.
  1279 | D:2      | Slain by a gnoll

Levels and vault maps discovered:
D:1:      minmay_arrival_checkered_box, layout_basic, basic_ecumenical_altar,
          dreamdust_wishing_well, roderic_serpentine_path
D:2:      layout_rooms, uniq_jessica, uniq_crazy_yiuf_cottage

Skill      XL: |  1  2 |
---------------+-------+-----
Axes           | 2 3 |  3.5
Fighting       | |  3.2
Armour         | |  3.2
Shields        | |  3.2

Action                   || total
-------------------------++-------
Melee: War axe           ||    81
  Use: Scroll            ||     5
Armor: Scale mail        ||    43
Dodge: Dodged            ||    41
Block: Buckler           ||    22

Table legend:
 A = Non-vault XP
 B = Vault XP
 C = Vault XP percentage of total XP
 D = Non-vault monster count
 E = Vault monster count
 F = Vault count percentage of total count
                 A         B        C        D         E       F
            +---------+---------+-------+---------+---------+-------
      Total |      81 |       0 |   0.0 |      34 |       0 |   0.0
            +---------+---------+-------+---------+---------+-------
        D:1 |      26 |       0 |   0.0 |      16 |       0 |   0.0
        D:2 |      55 |       0 |   0.0 |      18 |       0 |   0.0
            +---------+---------+-------+---------+---------+-------
